AoeStats
← PapaLeaoX

Arena

510426596Analyzed
1v1 RM · 3d ago on Oct 1, 2026· 45m 59s· 2 players
Game mode
Random Map
Map size
Tiny (2 player)
Population
200
Speed
Normal
Resources
Standard
Victory
Conquest
Starting age
Dark Age
Ending age
Imperial Age
RankedLock teamsTeams togetherTeam positionsShared explorationLock speedFull tech treeHidden civsTurbo modeCheats
Victory
Defeat
🇧🇷 Huns · Brazil
1369
+16
🇩🇪 Burgundians · Germany
1362
-16
Gimni
3:07 Double-Bit Axe
6:58 Horse Collar
10:30 Feudal Age
12:22 Loom
13:00 Loom
15:36 Castle Age
13:55 Heavy Plow
15:38 Bow Saw
15:50 Light Cavalry
17:13 Wheelbarrow
23:39 Pikeman
28:44 Gold Mining
28:44 Stone Mining
29:03 Scale Barding Armor
29:07 Scale Mail Armor
32:28 Imperial Age
30:14 Hand Cart
29:45 Town Watch
30:31 Burgundian Vineyards
31:08 Gold Shaft Mining
31:27 Squires
31:48 Chain Mail Armor
31:33 Padded Archer Armor
34:18 Chemistry
33:44 Conscription
35:00 Leather Archer Armor
35:15 Plate Mail Armor
35:53 Ballistics
36:38 Halberdier
38:13 Fletching
44:33 Bodkin Arrow
44:49 Forging
44:03 Elite Skirmisher
44:58 Fortified Wall
PapaLeaoX
10:31 Feudal Age
15:02 Castle Age
13:23 Double-Bit Axe
13:38 Horse Collar
15:21 Forging
15:10 Light Cavalry
18:24 Scale Barding Armor
20:43 Bloodlines
21:42 Wheelbarrow
25:49 Iron Casting
26:40 Chain Barding Armor
27:44 Husbandry
30:09 Bow Saw
30:01 Heavy Plow
35:01 Imperial Age
32:24 Loom
32:55 Hand Cart
32:25 Town Watch
33:05 Fletching
33:15 Padded Archer Armor
33:09 Gold Mining
33:09 Stone Mining
34:02 Ballistics
34:01 Bodkin Arrow
35:48 Leather Archer Armor
35:12 Heavy Cavalry Archer
36:12 Thumb Ring
37:11 Bracer
37:47 Plate Barding Armor
37:08 Hussar
39:24 Blast Furnace
39:00 Parthian Tactics
40:08 Chemistry
41:18 Conscription
44:46 Two-Man Saw
Connection lost

Rejoining the realm…

Still unreachable

The connection could not be restored.

Session expired

The server has moved on; the page needs a fresh start.